 Dungeon Crawl Stone Soup version 0.31-a0-1074-g0b22e4e0f1 (webtiles) character file.

Game seed: 324138973200667014

63 Lobster4 the Destabilizer (level 4, -1/34 HPs)
             Began as a Human Wanderer on Dec 1, 2023.
             Was an Initiate of the Shining One.
             Slain by a centaur (5 damage)
             ... on level 3 of the Dungeon.
             The game lasted 00:05:17 (1297 turns).

Lobster4 the Destabilizer (Human Wanderer)          Turns: 1297, Time: 00:05:17

Health: -1/34      AC:  6    Str: 12    XL:     4   Next: 31%
Magic:  6/6        EV: 11    Int: 13    God:    the Shining One [......]
Gold:   144        SH:  0    Dex: 14    Spells: 2/6 levels left

rFire   . . .        a - +2 falchion
rCold   . . .        (no shield)
rNeg    . . .        k - +2 leather armour {Will+}
rPois   .            (no helmet)
rElec   .            (no cloak)
rCorr   .            b - +0 pair of gloves
SInv    .            (no boots)
Will    ++...        (no amulet)
Stlth   +            (no ring)
HPRegen 0.25/turn    (no ring)
MPRegen 0.10/turn

%: no passive effects
@: brilliant, enlightened, flying, glowing
A: no striking features
a: Renounce Religion


You were on level 3 of the Dungeon.
You worshipped the Shining One.
The Shining One was noncommittal.
You visited 1 branch of the dungeon, and saw 3 of its levels.

You collected 144 gold pieces.

Inventory:

Hand Weapons
 a - a +2 falchion (weapon)
 p - a +3 short sword
Missiles
 i - 6 atropa-tipped darts
 m - 14 stones
Armour
 b - a +0 pair of gloves (worn)
 d - a +0 robe
 k - a +2 leather armour of willpower (worn)
Jewellery
 l - a +5 ring of evasion
Talismans
 g - a flux talisman
Scrolls
 c - a scroll of blinking
 e - 2 scrolls of torment {unknown}
 f - 3 scrolls of identify {unknown}
 j - a scroll of immolation {unknown}
 n - 2 scrolls of vulnerability {unknown}
Potions
 o - 2 potions of brilliance
 q - a potion of haste {unknown}
 r - a potion of degeneration {unknown}


   Skills:
 + Level 2.5 Fighting
 + Level 2.3 Long Blades
 + Level 1.6 Armour
 + Level 1.0 Dodging
 - Level 1.0 Stealth
 + Level 1.5 Spellcasting
 - Level 3.0 Transmutations
 + Level 0.3 Fire Magic
 + Level 0.8 Poison Magic
 + Level 0.8 Shapeshifting


You had 2 spell levels left.
You knew the following spells:

 Your Spells              Type           Power      Damage    Failure   Level
a - Sting                 Tmut/Pois      32%        1d4       16%         1
b - Ignite Poison         Fire/Tmut/Pois 6%         N/A       50%         3

Your spell library contained the following spells:

 Spells                   Type           Power      Damage    Failure   Level


Dungeon Overview and Level Annotations

Branches:
Dungeon (3/15)

Altars:
The Shining One

Shops:
D:2 *


Message History

The centaur is heavily wounded.
The centaur barely misses you.
The centaur kicks you but does no damage.
The centaur barely misses you. The centaur misses you.
You barely miss the centaur.
The centaur is heavily wounded.
The centaur barely misses you. The centaur kicks you.
You hit the centaur.
The centaur is severely wounded.
The centaur hits you but does no damage.
The centaur closely misses you. The centaur hits you.
The centaur kicks you but does no damage.
You barely miss the centaur.
The centaur is severely wounded.
The centaur hits you.
The centaur kicks you but does no damage.
The centaur hits you. The centaur barely misses you.
You hit the centaur.
The centaur is severely wounded.
The centaur hits you.
* * * LOW HITPOINT WARNING * * *
The centaur barely misses you. The centaur hits you.
* * * LOW HITPOINT WARNING * * *
The centaur kicks you but does no damage.
Okay, then.
You barely miss the centaur.
The centaur is severely wounded.
The centaur hits you.
* * * LOW HITPOINT WARNING * * *
The centaur kicks you but does no damage.
It was a potion of enlightenment.
You feel very buoyant.
You fly up into the air.
The centaur closely misses you. The centaur kicks you.
* * * LOW HITPOINT WARNING * * *
The centaur hits you but does no damage.
The centaur kicks you but does no damage.
It was a potion of brilliance.
You feel clever all of a sudden. The centaur hits you.
You die...

.#.# #...# ##.....##
.#.###...# ##.........
##..##...## #..........
....##....## #..........
....##.##..###..........
...#...###..##.........#
...#...........).......#
...#########............
...# .....#..@c......
...# ..........†...<..
...# #.................
#.## #.................
#..## #......#..........
#...###.................
......#.................
......#...............##
........... ...#


You could see a centaur.

Vanquished Creatures
  2 adders (D:2)
  2 endoplasms
  3 giant cockroaches
  6 goblins
  4 hobgoblins (D:1)
  2 kobolds (D:2)
  A quokka (D:1)
  6 ball pythons
  8 bats
  3 frilled lizards
  7 rats
44 creatures vanquished.

Notes
Turn   | Place    | Note
-------+----------+-------------------------------------------
     0 | D:1      | Lobster4 the Human Wanderer began the quest for the Orb.
     0 | D:1      | Lobster4 set off with the following items: a +2 falchion, a
                  | +0 pair of gloves, a scroll of blinking, a +0 robe; and the
                  | following spell memorised: Sting; and the following spells
                  | available to memorise: Ignite Poison.
     0 | D:1      | Reached XP level 1. HP: 16/16 MP: 2/2
   123 | D:1      | Reached XP level 2. HP: 17/22 MP: 3/3
   431 | D:1      | Reached XP level 3. HP: 27/27 MP: 4/4
   451 | D:1      | Learned a level 3 spell: Ignite Poison
   761 | D:2      | Found a glowing golden altar of the Shining One.
   780 | D:2      | Became a worshipper of the Shining One
   855 | D:2      | Found Ponaenan's Assorted Antiques.
   981 | D:2      | Reached XP level 4. HP: 34/34 MP: 6/6
   988 | D:2      | Reached skill level 1 in Dodging
  1280 | D:3      | Noticed a centaur
  1297 | D:3      | Slain by a centaur

Illustrated notes

Levels and vault maps discovered:
D:1:      giann_bridges, layout_rooms, st_stairs_1
D:2:      layout_basic, basic_altar, serial_shops, nicolae_shop_back_alley_shop
D:3:      layout_rooms, ebering_ecumenical_altar_sacrificial, st_stairs_3,
          uniq_crazy_yiuf_cottage

Skill      XL: |  1  2  3  4 |
---------------+-------------+-----
Dodging        | 1 |  1.0
Fighting       | |  2.5
Long Blades    | |  2.3
Armour         | |  1.6
Stealth        | |  1.0
Spellcasting   | |  1.5
Transmutations | |  3.0
Fire Magic     | |  0.3
Poison Magic   | |  0.8
Shapeshifting  | |  0.8

Action                     |  1- 3 |  4- 6 || total
---------------------------+-------+-------++-------
  Melee: Falchion          |    79 |    31 ||   110
         Punch             |     1 |       ||     1
    Use: Potion            |       |     2 ||     2
   Stab: Sleeping          |     1 |       ||     1
 Armour: Robe              |    28 |       ||    28
         Leather armour    |    18 |    42 ||    60
  Dodge: Dodged            |    63 |    28 ||    91

Table legend: (Time is in decaauts)
 A = Elapsed time spent in this place.
 B = Non-inter-level travel time spent in this place.
 C = Inter-level travel time spent in this place.
 D = Time resting spent in this place.
 E = Time spent auto-exploring this place.
 F = Levels seen in this place.
 G = Mean time per level.
                   A        B        C        D        E       F      G
               +--------+--------+--------+--------+--------+-----+--------+
         Total |   1317 |   1306 |     11 |      0 |    939 |   3 |  439.0 |
       Dungeon |   1317 |   1306 |     11 |      0 |    939 |   3 |  439.0 |
               +--------+--------+--------+--------+--------+-----+--------+

Top non-repeatable levels by time:
     D:1: 642 daAuts
     D:2: 553 daAuts
     D:3: 122 daAuts
